 Dungeon Crawl Stone Soup version 0.30-a0-696-g2367cd04db (console) character file.

Game seed: 895646583447015427

37 petzl the Sneak (level 3, 0/29 HPs)
             Began as a Formicid Delver on Jan 21, 2023.
             Slain by an iguana (12 damage)
             ... on level 5 of the Dungeon.
             The game lasted 00:02:35 (276 turns).

petzl the Sneak (Formicid Delver)                    Turns: 276, Time: 00:02:35

Health: 0/29       AC:  3    Str: 16    XL:     3   Next: 60%
Magic:  7/7        EV: 12    Int: 11    God:
Gold:   27         SH:  0    Dex: 15    Spells: 7/7 levels left

rFire   . . .      SeeInvis +    a - +0 mace
rCold   . . .      Faith    .    (no shield)
rNeg    . . .      Spirit   .    b - +0 leather armour
rPois   .          Reflect  .    (helmet unavailable)
rElec   .          Harm     .    (no cloak)
rCorr   .          Rampage  .    (no gloves)
Will    .....                    (no boots)
Stlth   +++                      (no amulet)
HPRegen 0.24/turn                (no ring)
MPRegen 0.10/turn                (no ring)

@: no status effects
A: permanent stasis, dig shafts and tunnels, antennae 3, four strong arms
a: Dig, Shaft Self


You were on level 5 of the Dungeon.
You visited 1 branch of the dungeon, and saw 2 of its levels.

You collected 27 gold pieces.

Inventory:

Hand Weapons
 a - a +0 mace (weapon)
Armour
 b - a +0 leather armour (worn)
Wands
 g - a wand of digging (3)
Scrolls
 c - a scroll of fog
 d - a scroll of magic mapping
 e - a scroll of fear
 j - a scroll of brand weapon {unknown}
 k - a scroll of teleportation {unknown}
 l - a scroll of identify {unknown}
 m - a scroll of amnesia {unknown}
 n - a scroll of noise {unknown}
Potions
 f - a potion of haste
 h - a potion of flight {unknown}
 i - a potion of heal wounds {unknown}


   Skills:
 - Level 3.2 Fighting
 - Level 2.0 Maces & Flails
 - Level 1.7 Dodging
 - Level 6.0 Stealth
 + Level 2.9 Spellcasting


You had 7 spell levels left.
You didn't know any spells.
Your spell library was empty.

Dungeon Overview and Level Annotations

Branches:
Dungeon (6/15)
 Temple: D:4-7

Altars:


Innate Abilities, Weirdness & Mutations

You cannot be hasted, slowed, berserked, paralysed or teleported.
You can dig through walls and to a lower floor.
You have a pair of large antennae on your head. (SInv)
Your four strong arms can wield two-handed weapons with a shield.


Message History

A wight comes into view. It is wielding a +0 spear.
You hit the adder.
The adder is heavily wounded.
The adder closely misses you. The adder bites you.
You sock the adder!
You kill the adder!
You have reached level 3!
Your experience leads to an increase in your attributes!
Increase (S)trength, (I)ntelligence, or (D)exterity?
You feel clever. x2
There is a stone staircase leading up, spattered with blood here.
Things that are here:
an adder corpse; an adder corpse You climb upwards.
There is a stone staircase leading down here.
You now have 27 gold pieces (gained 10).
Found a scroll labelled PAHULO ZOFO.
n - a scroll labelled PAHULO ZOFO An adder comes into view.
Found a robe.
The helpless adder fails to defend itself.
You sock the adder!
You kill the adder!
There is a stone staircase leading down here.
The iguana hisses angrily.
The iguana barely misses you.
You thump the iguana!
The iguana is heavily wounded.
The iguana bites you. The iguana bites you!
You barely miss the iguana.
The iguana is heavily wounded.
The iguana bites you but does no damage.
You barely miss the iguana.
The iguana is heavily wounded.
The iguana closely misses you.
Unknown command.
You hit the iguana.
The iguana is severely wounded.
The iguana barely misses you. The iguana bites you!
You die...

.... ##...........# #.....
....# ##..........# #.....
.....# ##......#### ##.....
......# #..##### ###..#..#
O......## ##.## ####...#####
........# ###..######...>###
........###.........(....##
.?........................##
...........................#
..........................##
............#.............#
........####..............#
......### #..............#
#####. ##................ ##
#..............#...
#.............####.
##............##
##.....$......##
#.l@#........##
#.....####.....## ......#
##....# ...... #...# .....
##.# ..... .# .... ....


You could see an iguana.

Vanquished Creatures
  4 adders
4 creatures vanquished.

Notes
Turn   | Place    | Note
-------+----------+-------------------------------------------
     0 | D:5      | petzl the Formicid Delver began the quest for the Orb.
     0 | D:5      | Reached XP level 1. HP: 18/18 MP: 1/1
    70 | D:5      | Noticed an iguana
    77 | D:5      | Noticed an ogre
   115 | D:6      | Reached skill level 1 in Spellcasting
   115 | D:6      | Reached XP level 2. HP: 17/24 MP: 1/4
   154 | D:6      | Noticed a wight
   164 | D:6      | Reached XP level 3. HP: 29/29 MP: 7/7
   276 | D:5      | Slain by an iguana

Illustrated notes

Levels and vault maps discovered:
D:5:      layout_cave_pods, serial_shops, nicolae_shop_behind_doors,
          uniq_menkaure
D:6:      layout_basic, lemuel_tele_altar, gammafunk_temple_overflow_elements,
          minmay_temple_entry_fiery

Skill      XL: |  1  2 |
---------------+-------+-----
Spellcasting   | 1 2 |  2.9
Fighting       | |  3.2
Maces & Flails | |  2.0
Dodging        | |  1.7
Stealth        | |  6.0

Action                   || total
-------------------------++-------
Melee: Mace              ||    15
 Abil: Dig               ||     1
 Stab: Sleeping          ||     2
Armor: Leather armour    ||     8
Dodge: Dodged            ||    11

Table legend: (Time is in decaauts)
 A = Elapsed time spent in this place.
 B = Non-inter-level travel time spent in this place.
 C = Inter-level travel time spent in this place.
 D = Time resting spent in this place.
 E = Time spent auto-exploring this place.
 F = Levels seen in this place.
 G = Mean time per level.
                   A        B        C        D        E       F      G
               +--------+--------+--------+--------+--------+-----+--------+
         Total |    280 |    266 |     14 |      0 |     93 |   2 |  140.0 |
       Dungeon |    280 |    266 |     14 |      0 |     93 |   2 |  140.0 |
               +--------+--------+--------+--------+--------+-----+--------+

Top non-repeatable levels by time:
     D:5: 172 daAuts
     D:6: 107 daAuts
